 Dungeon Crawl Stone Soup version 0.28.0-1-gb440e238dd (webtiles) character file.

Game seed: 4148735343112607979

21 fknight the Chopper (level 2, -9/27 HPs)
             Began as a Hill Orc Monk on Feb 27, 2022.
             Engulfed by a cloud of flame (18 damage)
             ... on level 2 of the Dungeon.
             The game lasted 00:02:18 (1302 turns).

fknight the Chopper (Hill Orc Monk)                 Turns: 1302, Time: 00:02:18

Health: -9/27      AC:  5    Str: 13    XL:     2   Next: 83%
Magic:  2/2        EV: 11    Int: 10    God:
Gold:   16         SH:  0    Dex: 13    Spells: 1/1 levels left

rFire   . . .      SeeInvis .   a - +0 hand axe
rCold   . . .      Faith    .   (no shield)
rNeg    . . .      Spirit   .   i - +0 ring mail
rPois   .          Reflect  .   (no helmet)
rElec   .          Harm     .   (no cloak)
rCorr   .          Rampage  .   (no gloves)
Will    .....                   (no boots)
Stlth   +.........              (no amulet)
HPRegen 0.09/turn               (no ring)
MPRegen 0.08/turn               (no ring)

@: no status effects
A: no striking features
a: no special abilities


You were on level 2 of the Dungeon.
You visited 1 branch of the dungeon, and saw 2 of its levels.

You collected 16 gold pieces.

Inventory:

Hand Weapons
 a - a +0 hand axe (weapon)
 e - a +0 spear
Armour
 b - a +0 robe
 i - a +0 ring mail (worn)
Scrolls
 d - a scroll of teleportation {unknown}
 f - a scroll of enchant weapon {unknown}
 h - a scroll of identify {unknown}
Potions
 g - 2 potions of flight {unknown}


   Skills:
 + Level 3.9 Fighting
 + Level 4.4 Axes
 + Level 2.6 Dodging
 + Level 2.0 Stealth


You had one spell level left.
You didn't know any spells.
Your spell library contained the following spells:

 Spells                   Type           Power      Damage    Failure   Level
 Animate Skeleton         Necr           0%         N/A       63%         1
 Pain                     Necr           0%         1d4       63%         1
 Gell's Gravitas          Tloc           0%         N/A       94%         3
 Teleport Other           Tloc           0%         N/A       94%         3
 Vampiric Draining        Necr           0%         2d6       94%         3
 Dispersal                Tloc           0%         N/A       100%        6


Dungeon Overview and Level Annotations

Branches:
Dungeon (2/15)

Altars:


Message History

You see here a rat corpse.
A nearby plant withers and dies. x2
A nearby plant withers and dies.
You enter the shallow water.
Moving in this stuff is going to be slow.
You enter the shallow water.
Moving in this stuff is going to be slow.
You enter the shallow water.
Moving in this stuff is going to be slow.
You enter the shallow water.
Moving in this stuff is going to be slow.
You enter the shallow water.
Moving in this stuff is going to be slow.
You enter the shallow water.
Moving in this stuff is going to be slow.
Found a dagger.
You enter the shallow water.
Moving in this stuff is going to be slow.
You enter the shallow water.
Moving in this stuff is going to be slow.
Done exploring.
There is a stone staircase leading down here.
You climb downwards.
The ball python hisses angrily.
There is a stone staircase leading up here.
As you read the scroll labelled VASUOPEILE, it crumbles to dust.
The creatures around you are filled with an inner flame!
It was a scroll of immolation.
An endoplasm comes into view.
The endoplasm quivers.
The ball python closely misses you. The ball python misses you.
You hit the ball python. You barely miss the endoplasm.
The ball python explodes!
The fiery explosion engulfs you!!
Ouch! That really hurt!
The fiery explosion engulfs the endoplasm!!
You kill the endoplasm!
You are engulfed in blazing flames.
Ouch! That really hurt!
You die...

###########
#...§§@..<#
.....§§....#
.#.#####.......
###.#### #.#
#.# #.# #.#


There were no monsters in sight!

Vanquished Creatures
  A dart slug (D:1)
  2 bats (D:1)
  3 endoplasms
  2 goblins (D:1)
  3 hobgoblins (D:1)
  5 ball pythons
  A frilled lizard (D:1)
  A rat (D:1)
18 creatures vanquished.

Vanquished Creatures (others)
  9 plants (D:1)
9 creatures vanquished.

Grand Total: 27 creatures vanquished

Notes
Turn   | Place    | Note
-------+----------+-------------------------------------------
     0 | D:1      | fknight the Hill Orc Monk began the quest for the Orb.
     0 | D:1      | Reached XP level 1. HP: 19/19 MP: 1/1
   119 | D:1      | Found a faded altar of an unknown god.
   155 | D:1      | HP: 1/20 [hobgoblin (1)]
   486 | D:1      | Reached XP level 2. HP: 19/27 MP: 2/2
  1302 | D:2      | Engulfed by a cloud of flame

Illustrated notes

Levels and vault maps discovered:
D:1:      co_arrival_random_square_maze, layout_rooms,
          ebering_ecumenical_altar_mist, serial_bayou, serial_bayou_lake_a,
          serial_bayou_lagoon_a, serial_bayou_ford_a, serial_bayou_pond_a,
          minmay_door_square, minmay_heptomino_o4
D:2:      layout_loops_ring, uniq_jessica

Skill      XL: |  1  2 |
---------------+-------+-----
Stealth        | 2 |  2.0
Fighting       | |  3.9
Axes           | |  4.4
Dodging        | |  2.6

Action                   || total
-------------------------++-------
Melee: Hand axe          ||    69
  Use: Scroll            ||     1
Armor: Robe              ||    17
       Ring mail         ||     6
Dodge: Dodged            ||    55
